 Dungeon Crawl Stone Soup version 0.31-a0-229-g1fc7ce93e2 (webtiles) character file.

Game seed: 8982871525910334482

42 Ekaitz the Magician (level 3, -5/19 HPs)
             Began as a Deep Elf Hedge Wizard on July 6, 2023.
             Killed from afar by Natasha (8 damage)
             ... with a magic dart
             ... on level 1 of the Dungeon.
             The game lasted 00:02:33 (940 turns).

Ekaitz the Magician (Deep Elf Hedge Wizard)          Turns: 940, Time: 00:02:34

Health: -5/19      AC:  2    Str:  7    XL:     3   Next: 35%
Magic:  9/11       EV: 13    Int: 24    God:
Gold:   25         SH:  0    Dex: 16    Spells: 1/11 levels left

rFire   . . .        a - +0 dagger
rCold   . . .        (no shield)
rNeg    + . .        b - +0 robe
rPois   .            c - +0 hat
rElec   .            (no cloak)
rCorr   .            (no gloves)
SInv    .            (no boots)
Will    .....        (no amulet)
Stlth   ++           e - ring of positive energy
HPRegen 0.23/turn    h - +6 ring of intelligence
MPRegen 0.12/turn

%: no passive effects
@: no status effects
A: no striking features
a: no special abilities


You were on level 1 of the Dungeon.
You visited 1 branch of the dungeon, and saw 2 of its levels.

You collected 25 gold pieces.

Inventory:

Hand Weapons
 a - a +0 dagger (weapon)
Armour
 b - a +0 robe (worn)
 c - a +0 hat (worn)
Jewellery
 e - a ring of positive energy (left hand)
 h - a +6 ring of intelligence (right hand)
Scrolls
 g - a scroll of teleportation {unknown}
Potions
 d - a potion of magic
 f - a potion of enlightenment {unknown}


   Skills:
 + Level 0.1 Fighting
 * Level 0.2 Short Blades
 * Level 3.3 Dodging
 + Level 2.5 Stealth
 + Level 4.6 Spellcasting
 * Level 1.3 Conjurations
 + Level 1.8 Summonings
 * Level 1.8 Translocations


You had one spell level left.
You knew the following spells:

 Your Spells              Type           Power      Damage    Failure   Level
a - Magic Dart            Conj           48%        1d5       5%          1
b - Call Imp              Summ           28%        N/A       7%          2
c - Cigotuvi's Dreadful   Necr/Pois/Air  10%        N/A       14%         2
d - Mephitic Cloud        Conj/Pois/Air  7%         N/A       22%         3
k - Blink                 Tloc           28%        N/A       6%          2

Your spell library contained the following spells:

 Spells                   Type           Power      Damage    Failure   Level
 Freeze                   Ice            20%        1d4       9%          1
 Slow                     Hex            20%        N/A       9%          1
 Hailstorm                Conj/Ice       8%         3d4       21%         3
 Frozen Ramparts          Ice            10%        1d2       26%         3


Dungeon Overview and Level Annotations

Branches:
Dungeon (2/15)

Altars:

Shops:
D:1 *

Annotations:
D:1 Natasha


Message History

The cerulean imp disappears in a puff of smoke!
Your Dodging skill increases to level 3!
You have reached level 3!
Your experience leads to an increase in your attributes!
Your base attributes are Str 7, Int 18, Dex 14.
Increase (S)trength, (I)ntelligence, or (D)exterity?
You feel agile. x2
This spell is astonishingly dangerous to cast!
Memorise Mephitic Cloud, consuming 3 spell levels and leaving 1?
You start memorising the spell.
You continue memorising. x3
You finish memorising.
Spell assigned to 'd'.
You start resting.
Your magical contamination has completely faded away.
You start resting.
Your cerulean imp disappears in a puff of smoke!
HP restored.
Magic restored.
Done exploring.
Natasha, Servant of Life and Death comes into view.
Natasha hisses angrily.
Casting: Magic Dart (safe; 5% risk of failure)
Confirm with . or Enter, or press ? or * to list all spells.
Aiming: Magic Dart (safe; 5% risk of failure)
Press: ? - help, Shift-Dir - straight line, f - Natasha
Aim: Natasha (100% to hit)
The magic dart hits Natasha but does no damage.
Natasha wildly gestures.
Natasha glows brightly for a moment.
Natasha casts a spell at you. The magic dart hits you!
The magic dart hits Natasha.
Natasha is lightly wounded.
Natasha casts a spell at you. The magic dart hits you!
* * * LOW HITPOINT WARNING * * *
You are too injured to fight recklessly!
Unknown command.
Natasha stares at you and mumbles some strange words.
The magic dart hits you!
You die...

.##.#.#.##....##.....#
..).#.#.##....##.....#
....#.#.##....##.....#
..#.#.#.##.#..##.#.#########
..#.#.#.##.##.##h#.........#
....#.#.#..........#######.#
...##...#....###.#.# #.#
...######.....##'#.# #.#
................@..# #.#
...#...#...........#######.#
...#.#.#.#.#...............#
...#.#.#.#....##'#.##############
####.#...#...###........∩........
.....##..#.#######.##############
...........# #..................
...........####.##.#####.........
.........#....#.##.# ##.#######


You could see Natasha.

Vanquished Creatures
  Natasha (D:1)
  A dart slug (D:1)
  An endoplasm (D:1)
  3 hobgoblins
  3 jackals (D:1)
  A bat (D:1)
  A frilled lizard (D:1)
  2 kobolds (D:1)
  2 rats (D:1)
15 creatures vanquished.

Vanquished Creatures (collateral kills)
  A jackal (D:1)
1 creature vanquished.

Grand Total: 16 creatures vanquished

Notes
Turn   | Place    | Note
-------+----------+-------------------------------------------
     0 | D:1      | Ekaitz the Deep Elf Hedge Wizard began the quest for the
                  | Orb.
     0 | D:1      | Reached XP level 1. HP: 10/10 MP: 7/7
    48 | D:1      | Found Qabba's Assorted Antiques.
   261 | D:1      | Reached XP level 2. HP: 15/15 MP: 3/9
   264 | D:1      | Learned a level 2 spell: Call Imp
   267 | D:1      | Learned a level 2 spell: Blink
   270 | D:1      | Learned a level 2 spell: Cigotuvi's Dreadful Rot
   823 | D:2      | Noticed Natasha
   833 | D:1      | Killed Natasha
   834 | D:1      | Reached XP level 3. HP: 10/19 MP: 3/11
   838 | D:1      | Learned a level 3 spell: Mephitic Cloud
   936 | D:1      | Noticed Natasha
   940 | D:1      | Killed from afar by Natasha

Illustrated notes

Levels and vault maps discovered:
D:1:      grunt_arrival_crossed_arrows, layout_basic, serial_shops, shop
D:2:      layout_basic, minmay_mini_jars, uniq_natasha

Skill      XL: |  1  2 |
---------------+-------+-----
Dodging        | 3 |  3.3
Fighting       | |  0.1
Short Blades   | |  0.2
Stealth        | |  2.5
Spellcasting   | |  4.6
Conjurations   | |  1.3
Summonings     | |  1.8
Translocations | |  1.8

Action                     || total
---------------------------++-------
  Melee: Dagger            ||    19
   Cast: Magic Dart        ||    24
         Call Imp          ||     2
   Stab: Sleeping          ||     6
         Distracted        ||     1
 Armour: Robe              ||     3
  Dodge: Dodged            ||    13

Table legend: (Time is in decaauts)
 A = Elapsed time spent in this place.
 B = Non-inter-level travel time spent in this place.
 C = Inter-level travel time spent in this place.
 D = Time resting spent in this place.
 E = Time spent auto-exploring this place.
 F = Levels seen in this place.
 G = Mean time per level.
                   A        B        C        D        E       F      G
               +--------+--------+--------+--------+--------+-----+--------+
         Total |    939 |    923 |     16 |     34 |    737 |   2 |  469.5 |
       Dungeon |    939 |    923 |     16 |     34 |    737 |   2 |  469.5 |
               +--------+--------+--------+--------+--------+-----+--------+

Top non-repeatable levels by time:
     D:1: 936 daAuts
     D:2: 2 daAuts
